General information
- name: BNet
- type: Ladder team game (AT/RT)
- host: Battle.net
- saver: M-Theory
map: MarketSquare
- players: 8
- length: 43:54
- speed: Fast
- version: 1.26 W3XP
- replay type: Public
» download(216 KB)
Players
team 1 (loser)
Big.Baddie (
teal | 77 APM | 2396 actions | 31:03)
5 Death Knight
2 Death Coil
3 Unholy Aura
3 Lich
2 Frost Nova
1 Frost Armor
1 Dreadlord
1 Carrion Swarm
» actions
| Assign group hotkey | 123 | |
| Basic commands | 6 | |
| Build / train | 166 | |
| Enter build submenu | 35 | |
| Enter hero's abilities submenu | 9 | |
| Give item / drop item | 3 | |
| Right click | 1034 | |
| Select / deselect | 490 | |
| Select group hotkey | 358 | |
| Use ability | 172 | |
2396 total
» units
| Acolyte | 38 | |
| Ghoul | 36 | |
| Knight | 8 | |
| Peasant | 13 | |
| Frost Wyrm | 7 | |
102 total
» upgrades
| Creature Attack | 3 | |
| Creature Carapace | 4 | |
| Freezing Breath | 2 | |
9 total
» buildings
| Crypt | 1 | |
| Ziggurat | 15 | |
| Altar of Darkness | 1 | |
| Tomb of Relics | 1 | |
| Nerubian Tower | 5 | |
| Graveyard | 1 | |
| Halls of the Dead | 3 | |
| Spirit Tower | 15 | |
| Black Citadel | 1 | |
| Sacrificial Pit | 1 | |
| Boneyard | 2 | |
| Guard Tower | 2 | |
| Necropolis | 1 | |
49 total
» build order
00:06 Crypt
00:09 Ziggurat
00:51 Ziggurat
00:59 Altar of Darkness
01:47 Ziggurat
02:12 Tomb of Relics
03:15 Ziggurat
05:28 Nerubian Tower
05:43 Graveyard
07:26 Halls of the Dead
07:26 Halls of the Dead
08:14 Spirit Tower
09:00 Ziggurat
09:01 Ziggurat
09:02 Ziggurat
09:54 Nerubian Tower
10:00 Ziggurat
10:13 Ziggurat
10:15 Spirit Tower
10:15 Spirit Tower
10:16 Spirit Tower
10:36 Spirit Tower
10:36 Spirit Tower
11:39 Spirit Tower
11:39 Spirit Tower
12:23 Black Citadel
14:03 Ziggurat
14:06 Sacrificial Pit
14:13 Ziggurat
14:21 Ziggurat
14:23 Ziggurat
14:24 Ziggurat
14:26 Ziggurat
14:58 Boneyard
15:00 Boneyard
15:14 Spirit Tower
15:21 Spirit Tower
15:23 Nerubian Tower
15:23 Nerubian Tower
15:25 Spirit Tower
15:26 Spirit Tower
15:35 Guard Tower
17:58 Necropolis
» items
| Rod of Necromancy | 2 | |
| Scroll of Town Portal | 3 | |
| Potion of Healing | 5 | |
| Scroll of Healing | 1 | |
11 total
BASEBALLBORING. (
orange | 56 APM | 2439 actions | 43:52)
8 Mountain King
3 Storm Bolt
3 Bash
1 Avatar
1 Thunder Clap
» actions
| Assign group hotkey | 25 | |
| Basic commands | 32 | |
| Build / train | 86 | |
| Enter build submenu | 20 | |
| Enter hero's abilities submenu | 9 | |
| Give item / drop item | 6 | |
| Remove unit from queue | 8 | |
| Right click | 1081 | |
| Select / deselect | 244 | |
| Select group hotkey | 831 | |
| Use ability | 97 | |
2439 total
» units
| Peasant | 23 | |
| Footman | 5 | |
| Gryphon Rider | 11 | |
| Knight | 1 | |
40 total
» upgrades
| Masonry | 3 | |
| Lumber Harvesting | 2 | |
| Storm Hammers | 1 | |
6 total
» buildings
| Altar of Kings | 1 | |
| Barracks | 1 | |
| Farm | 13 | |
| Scout Tower | 13 | |
| Arcane Vault | 1 | |
| Arcane Tower | 1 | |
| Town Hall | 3 | |
| Keep | 1 | |
| Lumber Mill | 2 | |
| Guard Tower | 6 | |
| Castle | 1 | |
| Gryphon Aviary | 2 | |
45 total
» build order
00:10 Altar of Kings
00:20 Barracks
00:36 Farm
00:52 Farm
01:37 Farm
01:44 Scout Tower
01:53 Arcane Vault
02:18 Arcane Tower
04:01 Town Hall
04:10 Farm
05:31 Keep
05:44 Lumber Mill
05:48 Scout Tower
05:48 Scout Tower
05:49 Scout Tower
05:49 Scout Tower
06:32 Lumber Mill
07:12 Farm
07:13 Farm
07:13 Farm
07:14 Farm
07:15 Farm
07:16 Farm
07:39 Guard Tower
08:20 Castle
09:25 Gryphon Aviary
09:31 Gryphon Aviary
11:42 Scout Tower
11:43 Scout Tower
11:44 Scout Tower
11:44 Scout Tower
11:44 Scout Tower
12:22 Guard Tower
13:19 Guard Tower
14:54 Farm
14:54 Farm
16:11 Scout Tower
16:11 Scout Tower
16:12 Scout Tower
17:04 Guard Tower
19:34 Guard Tower
21:38 Town Hall
34:03 Town Hall
» items
| Scroll of Regeneration | 4 | |
| Lesser Clarity Potion | 1 | |
| Scroll of Town Portal | 4 | |
| Potion of Healing | 1 | |
| Orb of Fire | 1 | |
| Staff of Teleportation | 1 | |
| Potion of Lesser Invulnerability | 1 | |
13 total
samixno1 (
yellow | 22 APM | 959 actions | 43:52)
1 Blademaster
1 Wind Walk
1 Goblin Tinker
1 Pocket Factory
» actions
| Build / train | 20 | |
| Enter build submenu | 14 | |
| Enter hero's abilities submenu | 2 | |
| Right click | 627 | |
| Select / deselect | 274 | |
| Use ability | 22 | |
959 total
» units
| Peon | 11 | |
| Peasant | 4 | |
| Knight | 1 | |
| Rifleman | 1 | |
17 total
» buildings
| Altar of Storms | 1 | |
| Orc Burrow | 3 | |
| Barracks | 1 | |
| Great Hall | 1 | |
| Scout Tower | 2 | |
8 total
» build order
00:07 Altar of Storms
00:09 Orc Burrow
01:57 Barracks
02:32 Orc Burrow
08:12 Orc Burrow
09:50 Great Hall
14:48 Scout Tower
14:48 Scout Tower

»
Rudy.Orloff (
red | 47 APM | 609 actions | 12:50)
2 Goblin Tinker
1 Pocket Factory
1 Engineering Upgrade
» actions
| Basic commands | 7 | |
| Build / train | 44 | |
| Enter build submenu | 21 | |
| Enter hero's abilities submenu | 2 | |
| Remove unit from queue | 1 | |
| Right click | 272 | |
| Select / deselect | 234 | |
| Use ability | 28 | |
609 total
» units
| Peasant | 7 | |
| Footman | 13 | |
| Rifleman | 1 | |
| Knight | 6 | |
27 total
» upgrades
| Lumber Harvesting | 1 | |
| Long Rifles | 0 | |
| Animal War Training | 1 | |
2 total
» buildings
| Altar of Kings | 1 | |
| Barracks | 2 | |
| Lumber Mill | 2 | |
| Farm | 7 | |
| Arcane Vault | 2 | |
| Keep | 1 | |
| Castle | 1 | |
| Scout Tower | 1 | |
| Blacksmith | 1 | |
| Guard Tower | 3 | |
| Arcane Tower | 1 | |
22 total
» build order
00:22 Altar of Kings
00:39 Barracks
00:56 Lumber Mill
01:10 Farm
01:59 Arcane Vault
02:04 Arcane Vault
02:14 Farm
03:03 Farm
04:00 Keep
04:02 Barracks
05:10 Farm
07:56 Castle
08:02 Lumber Mill
08:21 Scout Tower
08:39 Blacksmith
08:52 Guard Tower
09:00 Farm
09:49 Farm
10:31 Farm
11:54 Guard Tower
11:55 Arcane Tower
11:56 Guard Tower
» items
| Potion of Healing | 1 | |
| Ivory Tower | 4 | |
5 total
team 2 (winner)
Prime1 (
purple | 30 APM | 1295 actions | 43:52)
3 Far Seer
2 Feral Spirit
1 Chain Lighting
» actions
| Basic commands | 2 | |
| Build / train | 32 | |
| Enter build submenu | 14 | |
| Enter hero's abilities submenu | 3 | |
| Remove unit from queue | 1 | |
| Right click | 943 | |
| Select / deselect | 181 | |
| Use ability | 119 | |
1295 total
» units
» buildings
| Altar of Storms | 1 | |
| Orc Burrow | 3 | |
| Barracks | 1 | |
| Voodoo Lounge | 2 | |
| War Mill | 1 | |
| Watch Tower | 1 | |
| Stronghold | 1 | |
10 total
» build order
00:10 Altar of Storms
00:15 Orc Burrow
00:21 Barracks
01:55 Voodoo Lounge
02:54 Orc Burrow
03:13 War Mill
05:26 Watch Tower
09:50 Stronghold
09:53 Voodoo Lounge
10:25 Orc Burrow
» items
| Periapt of Vitality | 1 | |
| Circlet of Nobility | 1 | |
| Boots of Speed | 1 | |
| Healing Salve | 2 | |
| Scroll of Town Portal | 1 | |
| Orb of Fire | 1 | |
7 total
M-Theory (
pink | 55 APM | 2393 actions | 43:54)
10 Blood Mage
3 Flame Strike
3 Siphon Mana
1 Summon Phoenix
3 Banish
» actions
| Assign group hotkey | 214 | |
| Basic commands | 170 | |
| Build / train | 103 | |
| Enter build submenu | 32 | |
| Enter hero's abilities submenu | 10 | |
| Give item / drop item | 1 | |
| Remove unit from queue | 6 | |
| Right click | 965 | |
| Select / deselect | 442 | |
| Select group hotkey | 361 | |
| Use ability | 88 | |
2393 total
» units
| Peasant | 13 | |
| Footman | 11 | |
| Gryphon Rider | 20 | |
44 total
» upgrades
| Masonry | 3 | |
| Swords | 3 | |
| Animal War Training | 1 | |
| Armor | 3 | |
| Storm Hammers | 1 | |
11 total
» buildings
| Altar of Kings | 1 | |
| Barracks | 1 | |
| Farm | 14 | |
| Scout Tower | 11 | |
| Arcane Tower | 1 | |
| Keep | 1 | |
| Lumber Mill | 1 | |
| Blacksmith | 1 | |
| Guard Tower | 9 | |
| Arcane Vault | 2 | |
| Gryphon Aviary | 2 | |
| Castle | 1 | |
| Town Hall | 2 | |
47 total
» build order
00:04 Altar of Kings
00:09 Barracks
00:12 Farm
01:34 Farm
01:36 Farm
01:50 Scout Tower
02:29 Arcane Tower
02:35 Farm
04:14 Keep
04:18 Farm
05:03 Lumber Mill
05:40 Scout Tower
05:42 Scout Tower
05:43 Scout Tower
05:50 Blacksmith
06:08 Guard Tower
06:47 Guard Tower
07:02 Arcane Vault
07:09 Guard Tower
08:06 Farm
08:32 Gryphon Aviary
09:30 Castle
09:48 Gryphon Aviary
12:39 Farm
14:30 Farm
17:28 Farm
17:30 Farm
21:38 Town Hall
23:29 Scout Tower
23:29 Scout Tower
23:29 Scout Tower
23:30 Scout Tower
23:30 Scout Tower
23:31 Scout Tower
24:47 Guard Tower
24:47 Guard Tower
25:30 Guard Tower
25:48 Arcane Vault
26:43 Guard Tower
26:43 Guard Tower
32:13 Farm
32:50 Farm
32:51 Farm
32:53 Farm
36:08 Town Hall
41:25 Scout Tower
» items
| Scroll of Regeneration | 8 | |
| Scroll of Town Portal | 3 | |
| Boots of Speed | 1 | |
| Staff of Teleportation | 1 | |
| Potion of Lesser Invulnerability | 2 | |
| Orb of Fire | 1 | |
| Potion of Healing | 3 | |
19 total
hotdogwater (
blue | 35 APM | 31 actions | 00:53)
» actions
| Right click | 24 | |
| Select / deselect | 4 | |
| Use ability | 3 | |
31 total

»
Cacita (
green | 43 APM | 1859 actions | 43:28)
6 Mountain King
3 Storm Bolt
2 Thunder Clap
1 Avatar
6 Paladin
1 Holy Light
3 Devotion Aura
2 Divine Shield
» actions
| Assign group hotkey | 33 | |
| Basic commands | 337 | |
| Build / train | 56 | |
| Enter build submenu | 26 | |
| Enter hero's abilities submenu | 12 | |
| Give item / drop item | 3 | |
| Right click | 556 | |
| Select / deselect | 247 | |
| Select group hotkey | 514 | |
| Use ability | 75 | |
1859 total
» units
| Peasant | 9 | |
| Footman | 5 | |
| Rifleman | 7 | |
21 total
» upgrades
| Defend | 1 | |
| Long Rifles | 1 | |
| Gunpowder | 2 | |
| Lumber Harvesting | 1 | |
| Masonry | 3 | |
| Armor | 2 | |
10 total
» buildings
| Altar of Kings | 1 | |
| Farm | 13 | |
| Barracks | 2 | |
| Lumber Mill | 1 | |
| Keep | 1 | |
| Blacksmith | 1 | |
| Arcane Vault | 1 | |
| Castle | 3 | |
| Town Hall | 1 | |
24 total
» build order
00:09 Altar of Kings
00:16 Farm
01:12 Barracks
01:26 Lumber Mill
01:42 Farm
02:30 Farm
02:53 Barracks
03:00 Farm
03:04 Farm
03:39 Keep
03:45 Blacksmith
04:14 Farm
05:48 Farm
06:35 Farm
08:31 Farm
09:49 Farm
10:32 Farm
13:26 Arcane Vault
14:01 Farm
14:38 Castle
14:39 Castle
14:59 Farm
22:48 Town Hall
» items
| Scroll of Town Portal | 2 | |
| Lesser Clarity Potion | 1 | |
| Scroll of Regeneration | 1 | |
4 total
Chat log
(00:10 / All) hotdogwater: gg
(00:17 / All) samixno1: gg
(00:20 / All) M-Theory: big.baddie plays too much world of shitcraft
(00:26 / All) Cacita: really
(00:31 / All) Cacita: FUCKIN REALLY
(00:34 / All) Cacita: WOW
(00:38 / All) M-Theory: baddie is an insult that 3 year old wow players came up with
(00:44 / Allies) Cacita: piece of shit
(00:52 / All) Cacita: HOTDOG
(00:53 / All) Cacita: WOW
(00:58 / All) M-Theory: pwnt
(01:01 / Allies) Prime1: dont leave
(01:10 / Allies) Prime1: rush
(01:25 / Allies) M-Theory: I love euphoric rushes
(01:50 / Allies) Cacita: expo there
(01:59 / Allies) M-Theory: shut the fuck up chad motherfucking jones
(02:08 / Allies) Prime1: meet
(02:42 / All) Big.Baddie: RUH ROH
(02:45 / All) Big.Baddie: big baddies got tked
(02:46 / All) Big.Baddie: lawl.
(02:47 / Allies) M-Theory: kill this faggotjuicer
(02:56 / All) M-Theory: wowfag
(03:05 / All) Big.Baddie: u mad bro?
(03:11 / All) M-Theory: you wowfag bro?
(03:20 / All) Big.Baddie: RAGE!!!!!!!!!!!!!!
(04:24 / All) M-Theory: raped
(04:55 / All) M-Theory: wow yellows blows
(05:12 / All) M-Theory: he blows almost as much as teal's mum
(05:21 / All) M-Theory: teal's mum sucks and blows for $20
(06:02 / All) M-Theory: owned
(06:04 / All) M-Theory: big.baddie
(07:52 / All) Rudy.Orloff: :P
(09:05 / All) M-Theory: raped
(10:15 / Allies) M-Theory: wood please
(10:33 / All) M-Theory: big baddie
(10:34 / All) M-Theory: you suck
(11:10 / All) Rudy.Orloff: gg guys
(11:12 / All) M-Theory: owned
(11:13 / All) M-Theory: teal sucks
(11:16 / All) M-Theory: awfula t this game
(11:16 / All) Rudy.Orloff: :)
(11:24 / All) M-Theory: he is only 4-3 w/l
(11:26 / All) Rudy.Orloff: pink owns lol
(11:31 / All) M-Theory: fucking piece of shit player, teal
(11:37 / Allies) M-Theory: thanks red
(12:06 / Allies) M-Theory: wood please
(12:41 / All) Rudy.Orloff: agh
(12:49 / All) Rudy.Orloff: gg
(15:16 / All) M-Theory: owned
(15:17 / All) M-Theory: teal
(15:28 / Allies) Cacita: GRPYS
(15:41 / Allies) M-Theory: wood please
(16:36 / Allies) M-Theory: wood please
(18:08 / Allies) Cacita: tp my place?
(18:53 / Allies) M-Theory: gold please
(20:02 / Allies) Cacita: gold me plz
(20:06 / Allies) Cacita: i only need 100
(22:14 / Allies) M-Theory: hit teal
(22:15 / Allies) M-Theory: green
(22:16 / Allies) M-Theory: we need to
(22:18 / Allies) M-Theory: or else we lose
(22:22 / Allies) Cacita: give me gold plz
(22:25 / Allies) M-Theory: you have a strong army
(22:26 / Allies) Cacita: and where is teal
(22:35 / Allies) Prime1: y u did that
(22:38 / Allies) Cacita: thanks
(22:40 / Allies) M-Theory: np
(22:56 / Allies) Prime1: y u kill my hero asshole
(23:40 / Allies) Prime1: am talking to you asshole
(23:49 / Allies) M-Theory: my asshole does not talk
(23:50 / Allies) M-Theory: sir
(24:05 / Allies) Prime1: fucking loser
(24:34 / All) M-Theory: teals army is swiss cheese
(24:51 / All) Big.Baddie: u mad?
(25:00 / All) M-Theory: were you raging in chat earlier sir?
(25:06 / All) Big.Baddie: yup, u mad.
(25:08 / All) Big.Baddie: contineu on
(25:16 / All) M-Theory: you just said you were raging and then asked if *I* was mad
(25:26 / All) M-Theory: I am happy to have raeped you
(26:22 / All) Big.Baddie: ez
(26:30 / All) M-Theory: so eZ that I raped your worms
(26:38 / All) M-Theory: combatEX wannabe
(26:38 / All) Big.Baddie: you can leave now
(26:40 / All) M-Theory: go play sc2
(26:41 / All) M-Theory: faggot
(26:50 / All) Big.Baddie: spend 2 hours taking out my expos while my team builds
(26:50 / All) BASEBALLBORING.: u guys suck wow we're gonna own u
(26:51 / All) Big.Baddie: you're pro
(26:52 / All) Big.Baddie: lawl.
(27:47 / All) Big.Baddie: ez.
(27:50 / All) Big.Baddie: bye now
(27:53 / All) Big.Baddie: enjoy your day.
(28:50 / All) Big.Baddie: yum
(28:52 / All) Big.Baddie: mass towers
(29:10 / All) Big.Baddie: orange
(29:11 / All) M-Theory: raped
(29:15 / All) Big.Baddie: why the fuk you keep running newb?
(29:18 / All) Big.Baddie: im tking your expo scrub
(29:21 / All) M-Theory: running after you
(29:22 / All) M-Theory: dumbass
(29:28 / All) M-Theory: we're stabbing your shit base
(29:33 / Allies) Cacita: b
(29:41 / All) Big.Baddie: lawl trash
(29:47 / All) M-Theory: go back to wow and sc2
(29:48 / All) M-Theory: faggot
(29:57 / All) Big.Baddie: ohh noess plz dont tk my level 1 account
(30:01 / All) Big.Baddie: sad you need a tk to win
(30:02 / All) Big.Baddie: lawl
(30:09 / All) Big.Baddie: enjyo your rape son
(30:12 / All) BASEBALLBORING.: teal we were just playing with u retard
(30:13 / All) M-Theory: my rape?
(30:14 / All) M-Theory: LOL
(30:17 / All) M-Theory: we're destroying you
(30:20 / All) M-Theory: because you suck
(30:20 / All) BASEBALLBORING.: ur a 40 percent player teal
(30:25 / All) Big.Baddie: solo anytime
(30:27 / All) Big.Baddie: channel 123
(30:29 / All) Big.Baddie: thanks for dodge.
(30:29 / All) M-Theory: remember when you 6 expos got owned?
(30:31 / All) M-Theory: so do I
(30:46 / All) Big.Baddie: yup you spent 2 hours on my expos cuz you were raging so hard
(30:47 / All) BASEBALLBORING.: we just beat u teal, u can leave now
(30:48 / All) Big.Baddie: while my allies amssed
(30:49 / All) M-Theory: oj is a former rank #1 rt player
(30:51 / All) Big.Baddie: good strat
(30:52 / All) Big.Baddie: lawl.
(30:54 / All) M-Theory: shut your whore mouth teal
(30:57 / All) Big.Baddie: rage for me bro
(30:59 / All) Big.Baddie: on to the next game
(31:32 / All) M-Theory: he logged off
(31:35 / All) M-Theory: not going to a next game
(31:36 / All) M-Theory: he mad
(32:03 / Allies) M-Theory: gold please
(32:15 / Allies) Cacita: you have expo
(32:15 / Allies) Cacita: wtf
(32:30 / All) Cacita: WTf
(32:34 / All) Cacita: YOU WANT TO LOSE
(32:36 / All) M-Theory: yes
(32:52 / All) Cacita: YOU LIVE A SAD LIFE
(32:55 / All) M-Theory: ty
(33:46 / All) BASEBALLBORING.: leave noob
(33:50 / All) Cacita: Pitaful
(33:51 / All) M-Theory: leave green
(33:54 / All) Cacita: Really IS
(33:56 / All) M-Theory: and go masturbate to pixels
(33:59 / All) M-Theory: you lonely fuck
(34:23 / All) M-Theory: purp and yellow are still in-game
(34:32 / Allies) M-Theory: I need gold asshole
(34:48 / All) Cacita: you get nothing for tking and throwing the game
(34:51 / All) BASEBALLBORING.: i like yellow
(35:00 / All) BASEBALLBORING.: then again i hate teal
(35:06 / All) M-Theory: oh no, not a loss on my 0-0 bsing account! what ever shall I do?
(35:13 / All) M-Theory: teal deserves the loss
(35:14 / All) M-Theory: imo
(35:17 / All) M-Theory: he ragequitted
(35:19 / All) M-Theory: just exited bnet
(35:27 / All) M-Theory: when he said he's going to another match
(35:50 / All) Cacita: If you smart you would expo up
(36:04 / All) M-Theory: shut your whore mouth
(36:09 / All) M-Theory: you got rocked
(36:12 / All) M-Theory: you have nothing now
(36:15 / All) M-Theory: just the chat box
(36:16 / All) M-Theory: and your hand
(36:26 / All) Cacita: Cuz your bitch ass tking for no reason
(36:32 / All) M-Theory: I tked because you suck
(36:37 / All) M-Theory: that's a valid reason
(36:38 / All) Cacita: yea ok
(37:10 / All) Cacita: LOLYOU SUCK
(37:13 / All) Cacita: WOW
(37:14 / All) M-Theory: why?
(37:21 / All) M-Theory: gryphons cant attack magic immune dumbass
(37:23 / All) Cacita: because you can't creep that
(37:31 / All) Cacita: See
(37:35 / Allies) Cacita: YOU still tryin
(37:38 / All) BASEBALLBORING.: nigga i got a dagger of escape for u
(37:48 / All) Cacita: Rock pink already
(37:52 / All) M-Theory: lol
(37:56 / All) Cacita: he trying to creep something he can't
(38:00 / All) M-Theory: you want the win so bad green
(38:07 / All) M-Theory: because you're 228-238
(38:12 / All) Cacita: No i wanna see you get rocked
(38:19 / All) M-Theory: I know oj
(38:20 / All) M-Theory: dumbass
(38:24 / All) Cacita: you deserve this humiliation
(38:25 / All) M-Theory: he stabbed his team too
(38:34 / All) M-Theory: the only one being humiliated will be you
(38:38 / All) Cacita: Neg
(38:40 / All) M-Theory: when this replay goes on highper.ch
(38:43 / Allies) Cacita: I go afk now
(38:45 / All) M-Theory: it will humiliate your family name
(38:51 / All) M-Theory: he says he's going afk
(38:56 / All) Cacita: It can go on my nuts for all that matters
(38:59 / All) M-Theory: you leave, you get a tie. you stay, you got a loss
(39:01 / All) Cacita: AFK
(39:01 / All) M-Theory: your choice
(39:12 / All) Cacita: I can care less about wins and losses
(39:16 / All) M-Theory: couldn't
(39:22 / All) M-Theory: that implies you could care somewhat
(39:25 / All) M-Theory: dumbfuck
(39:27 / All) M-Theory: learn to speak english
(39:30 / All) M-Theory: american trash
(41:22 / All) BASEBALLBORING.: wow 3 fing daggers of escape
(42:00 / All) M-Theory: red stole the dagger
(42:07 / All) M-Theory: do you have a 2nd?
(42:34 / All) M-Theory: give me dagger
(42:54 / All) M-Theory: teleporting bm, badass
(43:15 / All) M-Theory: my base is dead now
(43:17 / All) Cacita: Go out sometime
(43:18 / All) M-Theory: like 3 buildings
(43:30 / All) M-Theory: yes, our team should lose
(43:36 / All) M-Theory: here comes the loss
(43:39 / All) M-Theory: for these idiots
(43:41 / All) M-Theory: GG
(43:43 / All) M-Theory: niggers
(43:45 / All) BASEBALLBORING.: lets try to glitch
(43:46 / All) M-Theory: my team sucks ass
(43:50 / All) M-Theory: and monkey dong
(43:51 / All) BASEBALLBORING.: glitch teleport